 Dungeon Crawl Stone Soup version 0.18-b1-14-g029dad2 (webtiles) character file.

67 MTVSty1e the Shield-Bearer (level 4, -1/40 HPs)
             Began as a Hill Orc Fighter on Apr 30, 2016.
             Slain by a gnoll
             ... wielding a +0 halberd
              (13 damage)
             ... on level 2 of the Dungeon.
             The game lasted 00:06:13 (1453 turns).

MTVSty1e the Shield-Bearer (Hill Orc Fighter)       Turns: 1453, Time: 00:06:13

Health: -1/40      AC: 13    Str: 24      XL:     4   Next: 16%
Magic:  4/4        EV:  6    Int:  8      God:
Gold:   123        SH: 15    Dex: 11 (12) Spells: 0 memorised, 3 levels left

rFire  . . .     SeeInvis .     a - +0 war axe
rCold  . . .     Gourm    .     b - +0 scale mail
rNeg   . . .     Faith    .     g - +0 large shield
rPois  .         Spirit   .     (helmet restricted)
rElec  .         Dismiss  .     s - +1 cloak
rCorr  .         Reflect  .     (no gloves)
SustAt .         Harm     +     (no boots)
MR     .....                    e - amulet of harm
Stlth  ..........               (no ring)
                                (no ring)

@: mighty, not resistant to hostile enchantments, extremely unstealthy
A: horns 1, iridescent scales 1, agile 1, deterioration 2
a: no special abilities


You were on level 2 of the Dungeon.
You were not hungry.

You visited 1 branch of the dungeon, and saw 2 of its levels.

You collected 123 gold pieces.

Inventory:

Hand Weapons
 a - a +0 war axe (weapon)
Armour
 b - a +0 scale mail (worn)
 c - a +0 shield
 g - a +0 large shield (worn)
 s - a +1 cloak (worn)
Jewellery
 e - an amulet of harm (around neck)
Scrolls
 m - a scroll of remove curse
 p - a scroll of teleportation
Potions
 j - 2 potions of brilliance
 l - a potion of magic {unknown}
Comestibles
 f - 3 bread rations
 q - a royal jelly


   Skills:
 + Level 3.9 Fighting
 * Level 3.2 Axes
 + Level 3.8 Armour
 * Level 1.2 Dodging
 + Level 4.0 Shields


You had 3 spell levels left.
You didn't know any spells.

Dungeon Overview and Level Annotations

Branches:
Dungeon (2/15)

Altars:


Innate Abilities, Weirdness & Mutations

You have a pair of small horns on your head.
You are partially covered in iridescent scales (AC +4).
You are agile. (Dex +2)
Your body often deteriorates upon taking damage.


Message History

The gnoll hits you from afar with a halberd!
The gnoll hits you but does no damage. You block the gnoll's attack.
You block the gnoll's attack.
The gnoll hits you from afar with a halberd.
Your body deteriorates!
You feel clumsy. You block the gnoll's attack.
The gnoll hits you but does no damage. The gnoll hits you.
You block the gnoll's attack.
Drink which item? (? for menu, Esc to quit)
You feel very mighty all of a sudden. You block the gnoll's attack. x2
You closely miss the gnoll.
The gnoll is heavily wounded.
You hit the gnoll.
The gnoll is moderately wounded.
The gnoll hits you but does no damage. You block the gnoll's attack.
The gnoll hits you.
* * * LOW HITPOINT WARNING * * *
The gnoll hits you from afar with a halberd!
You die...

**,*,,,,,,*###.#
,,,,,,,,,,,,...#
**,*********#..# **,****** *..#
**,,,,,,*****#.## *******,,,,*
#..# * *,,,,*
#g)################ *******,...*
#.gg##.....(......#
,,,,,,*,...###+#@##............#
,,,,,,*,*#.....................#
,,,,,,*,*#.....................#
,,,,,,*,,+......#..##'##########
,,,,,,**##......#..##'######
,,,,,,,,.............>.....#
,,,,,,,,........##.........#
,,,,,,**#####...###........#
.,,,,,,,,,,,#..?# #........#


You could see 3 gnolls.

Vanquished Creatures
  A gnoll (D:2)
  An adder (D:2)
  An ooze (D:1)
  A worm (D:2)
  A dart slug (D:1)
  2 giant geckos
  2 giant cockroaches (D:1)
  4 goblins
  4 hobgoblins (D:1)
  4 jackals (D:2)
  6 kobolds
  3 bats
  A giant newt (D:2)
  4 rats
35 creatures vanquished.

Notes
Turn   | Place    | Note
--------------------------------------------------------------
     0 | D:1      | MTVSty1e the Hill Orc Fighter began the quest for the Orb.
     0 | D:1      | Reached XP level 1. HP: 19/19 MP: 1/1
   139 | D:1      | Reached XP level 2. HP: 25/27 MP: 2/2
   636 | D:1      | Reached XP level 3. HP: 32/33 MP: 3/3
  1329 | D:2      | Reached skill level 1 in Dodging
  1386 | D:2      | Gained mutation: You have a pair of small horns on your head. [potion of mutation]
  1386 | D:2      | Gained mutation: You are partially covered in iridescent scales (AC +4). [potion of mutation]
  1386 | D:2      | Gained mutation: Your body sometimes deteriorates upon taking damage. [potion of mutation]
  1399 | D:2      | Gained mutation: You are agile. (Dex +2) [potion of mutation]
  1399 | D:2      | Gained mutation: Your body often deteriorates upon taking damage. [potion of mutation]
  1444 | D:2      | Reached skill level 4 in Shields
  1444 | D:2      | Reached XP level 4. HP: 31/40 MP: 4/4
  1453 | D:2      | Slain by a gnoll

Skill      XL: |  1  2  3 |
---------------+----------+-----
Axes           | 3 |  3.2
Dodging        | 1 |  1.2
Shields        | 4 |  4.0
Fighting       | |  3.9
Armour         | |  3.8

Action                   |  1- 3 |  4- 6 || total
-------------------------+-------+-------++-------
Melee: War axe           |   136 |     2 ||   138
       Headbutt          |     1 |     1 ||     2
  Use: Scroll            |     7 |       ||     7
       Potion            |     2 |     1 ||     3
  Eat: Bread ration      |     1 |       ||     1
Armor: Scale mail        |    64 |     4 ||    68
Dodge: Dodged            |    23 |       ||    23
Block: Large shield      |   121 |    11 ||   132
       Shield            |     2 |       ||     2
